cohdb
Replays
Latest Replays
All Replays
Popular Replays
Top Player Replays
Match Explorer
How It Works
Community
CoH3 Stats
Reddit
Sign in to upload your games and track your stats! →
Sign in with Steam
Match 39962634
Unlisted
Match 39962634
Overview
Messages
Build Orders
End
Pioneer Squad
Construct Infanterie Kompanie
Selects Terror Battlegroup
Selects Machine Gun Camouflage
Grenadier Squad
MG 42 Machine Gun Team
Grenadier Squad
GrW 34 Mortar Team
Construct Luftwaffe Kompanie
221 Scout Car
Jäger Squad
Selects Interrogate
Selects Jericho Trumpet
Support Elements
Wirbelwind Flakpanzer
Jericho Trumpet
Pioneer Squad
Jäger Squad
Marder III M Tank Destroyer
Luftwaffe Officer Quarters
Medical Station
Selects No Quarter
Wirbelwind Flakpanzer
Jericho Trumpet
Pioneer Squad
Side Skirts
Jericho Trumpet
Marder III M Tank Destroyer
Selects King Tiger Heavy Tank
King Tiger Heavy Tank
Jericho Trumpet
Jäger Squad
BigTiddyLebron
kreumat
Thermidor
hitkidsnotjuuls
0
0
Comments
sign in to comment!
No comments posted yet!